 Dungeon Crawl Stone Soup version 0.20.1-1-g8b1a95d (webtiles) character file.

143802 Piramida the Warrior (level 16, -8/149 HPs)
             Began as a Minotaur Berserker on Nov 3, 2017.
             Was the Champion of Trog.
             Mangled by a spark wasp (12 damage)
             ... on level 4 of the Spider Nest.
             The game lasted 02:21:56 (34679 turns).

Piramida the Warrior (Minotaur Berserker)          Turns: 34679, Time: 02:21:57

Health: -8/149     AC: 27    Str: 29      XL:     16   Next: 83%
Magic:  19/19      EV: 11    Int:  6      God:    Trog [******]
Gold:   1952       SH: 24    Dex:  8 (11) Spells: 15/15 levels left

rFire    . . .     SeeInvis .   T - +8 whip "Snakebite" {curare, rPois}
rCold    . . .     Gourm    .   a - +3 large shield
rNeg     . . .     Faith    .   K - +2 plate armour {rPois}
rPois    +         Spirit   .   (helmet restricted)
rElec    .         Reflect  .   e - +0 cloak
rCorr    .         Harm     .   W - +2 pair of gloves {Str+3}
MR       ++++.                  U - +2 pair of boots
Stlth    ..........             L - amulet of regeneration
Regen    1.8/turn               p - +2 ring of slaying
MPRegen  0.2/turn               C - ring of protection from magic

@: about to teleport, very slightly contaminated, regenerating, studying Axes,
very slow
A: retaliatory headbutt, horns 2
a: Berserk, Trog's Hand, Brothers in Arms, Burn Spellbooks, Renounce Religion


You were on level 4 of the Spider Nest.
You worshipped Trog.
Trog was exalted by your worship.
You were very hungry.

You visited 4 branches of the dungeon, and saw 26 of its levels.
You also visited: Labyrinth and Ice Cave.

You collected 2145 gold pieces.
You spent 193 gold pieces at shops.

Inventory:

Hand Weapons
 c - the +4 morningstar "Gatruo" {crush, rPois Str+3}
   (Trog gifted it to you in an ice cave)

   It inflicts extra damage upon your enemies.
   It affects your strength (+3).
   It protects you from poison.
 v - the +9 hand axe "Epeol" {chop, +Fly Dex+4}
   (You found it on level 3 of the Lair of Beasts)

   It inflicts extra damage upon your enemies.
   It affects your dexterity (+4).
   It lets you fly.
 M - a +5 antimagic mace
 T - the +8 whip "Snakebite" (weapon) {curare, rPois}
   (You found it on level 4 of the Lair of Beasts)

   It poisons the flesh of those it strikes.
   It protects you from poison.
Missiles
 q - 6 tomahawks of dispersal (quivered)
Armour
 a - a +3 large shield (worn)
 e - a +0 cloak (worn)
 K - a +2 plate armour of poison resistance (worn)
 U - a +2 pair of boots (worn)
 W - a +2 pair of gloves of strength (worn)
Jewellery
 i - an uncursed ring of positive energy
 n - an uncursed amulet of guardian spirit
 p - a +2 ring of slaying (left hand)
 w - an uncursed ring of ice
 z - a +4 ring of strength
 C - a ring of protection from magic (right hand)
 D - a +4 ring of dexterity
 L - an amulet of regeneration (around neck)
 X - an uncursed ring of see invisible
 Y - an uncursed ring of protection from fire
Wands
 l - a wand of lightning (12/15)
 y - a wand of flame (33/48)
 A - a wand of digging (13/24)
 H - a wand of disintegration (15/24)
 Q - a wand of confusion (13/48)
 V - a wand of iceblast (4/15)
Scrolls
 j - 5 scrolls of remove curse
 o - 5 scrolls of enchant weapon
 t - 4 scrolls of recharging
 x - a scroll of magic mapping
 B - a scroll of enchant armour
 E - 10 scrolls of teleportation
 F - 13 scrolls of identify
Potions
 d - 4 potions of flight
 k - 2 potions of lignification
 m - 5 potions of curing
 r - 3 potions of ambrosia
 s - a potion of berserk rage {unknown}
 G - a potion of cancellation
 N - a potion of resistance
 P - 3 potions of might
 R - 2 potions of brilliance
 Z - a potion of invisibility
Books
 u - a manual of Axes
Miscellaneous
 I - a phial of floods
Comestibles
 b - 16 fruits
 f - a chunk of flesh
 h - 13 meat rations
 J - 8 royal jellies


   Skills:
 + Level 15.5 Fighting
 - Level 14.7(16.7) Axes
 - Level 14.0(16.4) Maces & Flails
 + Level 15.2 Armour
 + Level 14.0 Dodging
 - Level 5.1 Stealth
 + Level 15.2 Shields
 - Level 5.5 Evocations


You had 15 spell levels left.
You didn't know any spells.

Dungeon Overview and Level Annotations

Branches:
Dungeon (14/15)            Temple (0/1) D:5            Lair (6/6) D:10
 Shoals (0/4) Lair:2       Spider (4/4) Lair:3          Orc (2/2) D:11
    Elf (0/3) Orc:2        Vaults (0/5) D:13
  Slime: Lair:5-6

Altars:
Ashenzari
Cheibriados
Elyvilon
Fedhas
Gozag
Makhleb
Ru
Sif Muna
Trog
Uskayaw
Xom
Yredelemnul
The Shining One
Beogh

Shops:
D:4 %%!*   Orc:2 ([?[:

Annotations:
D:13 1 runed door
Lair:2 exclusion: oklob plant
Lair:4 exclusion: 2 oklob plants
Lair:5 exclusion: 3 oklob plants


Innate Abilities, Weirdness & Mutations

You reflexively headbutt those who attack you in melee.
You have a pair of horns on your head.


Message History

The spark wasp stings you!!
* * * LOW HITPOINT WARNING * * *
The spark wasp shocks you!
* * * LOW HITPOINT WARNING * * *
Okay, then.
As you read the scroll of fear, it crumbles to dust.
You assume a fearsome visage.
The spark wasp looks frightened! x2
The orb spider looks frightened!
The tarantella looks frightened! x2
The spark wasp resists with some effort.
The emperor scorpion looks frightened!
Your skin crawls.
You feel resistant to hostile enchantments.
You are feeling very hungry.
You block the spark wasp's attack.
As you read the scroll of teleportation, it crumbles to dust.
You feel strangely unstable. You block the spark wasp's attack.
The spark wasp stings you.
* * * LOW HITPOINT WARNING * * *
The spark wasp shocks you!
You die...

.......................<.........
.................................
.................................
...............................#.
[...^...##..........y............
........##....≈≈≈.≈..............
.....^........#≈≈≈≈##..........[.
..8..8..8^^8.###≈≈####.8..8..8..8
.s......^....# #@≈####...........
§^8..8..8..8.####y≈##..8^.8.^8..8
.....^..^.....###≈≈###^^.........
.###############≈≈s≈#############
.# #...≈≈≈≈≈≈sss^.#^...≈≈# .#
y....#≈≈≈≈s...s...#.≈≈# .#
..#...^...y#≈.......≈≈# .#
................s.s≈≈## .#
...............^...≈≈.#


You could see an emperor scorpion, 3 spark wasps, an orb spider and 2
tarantellas.

Vanquished Creatures
  Arachne (Spider:2)
  2 orc warlords
  2 emperor scorpions
  A ghost moth (Spider:3)
  4 entropy weavers
  Azrael (Orc:2)
  2 spark wasps (Spider:4)
  An ettin (Orc:2)
  Snorg (Lair:3)
  A minotaur (Lab)
  Fannar (Lair:2)
  A yaktaur captain (D:13)
  Erolcha (D:12)
  Harold (Lair:3)
  A centaur warrior (D:13)
  A merfolk avatar (Lair:6)
  7 two-headed ogres
  6 hydras
  Erica (Orc:1)
  8 death yaks (D:9)
  An orc high priest (Orc:2)
  Urug (Lair:3)
  Sonja (Lair:2)
  2 unseen horrors
  2 sea snakes (Lair:6)
  Pikel (D:7)
  2 necromancers
  3 orc sorcerers (Orc:2)
  2 orc knights
  11 orb spiders
  25 wolf spiders
  5 cyclopes
  4 manticores
  3 moths of wrath
  2 ugly things
  3 black mambas
  2 elephants (Lair:6)
  Psyche (D:12)
  9 spiny frogs
  A kobold demonologist (D:13)
  9 rime drakes
  6 komodo dragons
  10 freezing wraiths (IceCv)
  A spectral redback (Spider:4)
  15 demonic crawlers
  2 yaktaurs (D:13)
  3 meliai (D:13)
  9 polar bears
  2 wolf spider simulacra (IceCv)
  2 wind drakes (Lair:6)
  25 jumping spiders
  12 hornets
  24 blink frogs
  Grinder (D:5)
  10 trolls
  3 jumping spider zombies (Spider:4)
  9 hippogriffs
  2 dream sheep (D:9)
  61 redbacks
  A vampire (D:9)
  2 fire elementals (Orc:2)
  7 wyverns
  23 yaks
  44 tarantellas
  A steam dragon (Lair:3)
  4 basilisks
  6 hungry ghosts
  Edmund (D:6)
  5 wargs
  An acid dragon (D:13)
  3 hell hounds (Orc:2)
  24 water moccasins
  7 porcupines
  21 ice beasts
  A spectral hornet (Spider:4)
  38 orc warriors
  4 sky beasts
  3 phantoms
  3 black bears
  A necrophage (D:8)
  11 centaurs
  The ghost of Thjof the Skirmisher, an amateur DsMo (D:3)
  11 ogres
  9 wolves
  7 crocodiles
  16 bullfrogs
  4 big kobolds (D:9)
  A wyvern zombie (D:8)
  A wyvern skeleton (D:11)
  3 scorpions
  31 killer bees
  An elephant simulacrum (IceCv)
  10 wights
  4 electric eels
  7 howler monkeys
  15 crimson imps
  2 draconian simulacra (IceCv)
  A bullfrog zombie (D:5)
  A quasit (D:8)
  5 hounds
  7 jellies
  3 centaur skeletons
  27 orc priests
  31 orc wizards
  2 bullfrog skeletons
  A gnoll shaman (D:4)
  5 iguanas
  Natasha (D:4)
  4 spriggan simulacra (IceCv)
  12 worker ants
  6 troll simulacra (IceCv)
  A wolf simulacrum (IceCv)
  A centaur simulacrum (IceCv)
  8 ogre zombies (D:11)
  A howler monkey zombie (D:5)
  A worker ant zombie (D:8)
  A howler monkey skeleton (D:10)
  9 gnolls
  An ogre simulacrum (IceCv)
  11 adders
  6 naga simulacra (IceCv)
  2 shadow imps
  13 white imps
  3 oozes
  An adder skeleton (D:8)
  3 dart slugs
  5 leopard geckos
  119 orcs
  A ball python (D:2)
  2 giant cockroaches (D:2)
  9 goblins
  3 hobgoblins
  5 jackals
  3 quokkas
  8 bats
  7 frilled lizards
  A goblin skeleton (D:11)
  3 goblin zombies (D:11)
  3 hobgoblin skeletons (D:11)
  3 hobgoblin zombies (D:11)
  16 kobolds
  2 leopard gecko skeletons
  A leopard gecko zombie (D:7)
  2 orc skeletons (D:11)
  13 orc zombies (D:11)
  6 rats
  A bush (D:8)
  2 fungi
1048 creatures vanquished.

Vanquished Creatures (collateral kills)
  A catoblepas (Lair:5)
  An orc knight (Orc:2)
  An ice statue (IceCv)
  A jumping spider (Spider:3)
  3 orc warriors (Orc:2)
  4 orcs (Orc:2)
11 creatures vanquished.

Vanquished Creatures (others)
  2 howler monkeys (D:7)
  An orc (Orc:1)
  A leopard gecko skeleton (D:7)
  3 fungi
  7 plants
14 creatures vanquished.

Grand Total: 1073 creatures vanquished

Notes
Turn   | Place    | Note
-------+----------+-------------------------------------------
     0 | D:1      | Piramida the Minotaur Berserker began the quest for the Orb.
     0 | D:1      | Reached XP level 1. HP: 19/19 MP: 0/0
   212 | D:1      | Reached XP level 2. HP: 25/26 MP: 1/1
   329 | D:1      | Reached skill level 5 in Maces & Flails
   369 | D:1      | Reached XP level 3. HP: 27/31 MP: 2/2
   396 | D:1      | Reached ** piety under Trog
   594 | D:2      | Found a basalt altar of Yredelemnul.
   885 | D:2      | Found a snail-covered altar of Cheibriados.
  1067 | D:2      | Reached XP level 4. HP: 39/39 MP: 3/3
  1810 | D:3      | Reached skill level 1 in Shields
  1914 | D:3      | Reached XP level 5. HP: 45/45 MP: 4/4
  1950 | D:3      | Found a glowing golden altar of the Shining One.
  2028 | D:3      | Noticed Thjof's ghost (amateur DsMo)
  2038 | D:3      | Killed Thjof's ghost
  2038 | D:3      | Reached *** piety under Trog
  2227 | D:3      | Found a hide-covered altar of Uskayaw.
  2567 | D:4      | Found Qonor's Assorted Antiques.
  2567 | D:4      | Found Feomeshru's Food Emporium.
  2589 | D:4      | Reached XP level 6. HP: 46/51 MP: 5/5
  2806 | D:5      | Entered Level 5 of the Dungeon
  2821 | D:4      | Noticed Natasha
  2828 | D:4      | Killed Natasha
  2984 | D:4      | Found a bloodstained altar of Trog.
  3107 | D:4      | Found a shimmering altar of Xom.
  3143 | D:4      | Reached XP level 7. HP: 57/57 MP: 6/6
  3152 | D:4      | Found a sacrificial altar of Ru.
  3246 | D:4      | Found Ziuheluq's Food Shop.
  3415 | D:4      | Found Geanijeatopn's Distillery.
  3419 | D:4      | Bought a potion of heal wounds for 70 gold pieces
  3512 | D:5      | Reached skill level 10 in Maces & Flails
  3755 | D:5      | Noticed Grinder
  3763 | D:5      | Killed Grinder
  3763 | D:5      | Reached XP level 8. HP: 64/64 MP: 7/7
  3957 | D:5      | Found a deep blue altar of Sif Muna.
  4233 | D:5      | Reached **** piety under Trog
  4268 | D:5      | Found a staircase to the Ecumenical Temple.
  4453 | D:5      | Received a gift from Trog
  4812 | D:6      | Noticed Edmund
  4819 | D:6      | Killed Edmund
  5094 | D:6      | Reached XP level 9. HP: 70/70 MP: 8/8
  5716 | D:7      | Noticed Pikel
  5724 | D:7      | Killed Pikel
  5724 | D:7      | Reached skill level 5 in Fighting
  5825 | D:7      | Found a white marble altar of Elyvilon.
  5828 | D:7      | Found a blossoming altar of Fedhas.
  5831 | D:7      | Found a burning altar of Makhleb.
  5928 | D:7      | Found a shattered altar of Ashenzari.
  6815 | D:8      | Noticed a troll
  6818 | D:8      | Noticed a necromancer
  6818 | D:8      | Noticed a six-headed hydra
  6818 | D:8      | Found a transporter.
  6827 | D:8      | Found a transporter.
  7021 | D:8      | Reached skill level 5 in Armour
  7103 | D:8      | Noticed a two-headed ogre
  7108 | D:8      | Killed a two-headed ogre
  7108 | D:8      | Reached skill level 5 in Dodging
  7108 | D:8      | Reached XP level 10. HP: 83/83 MP: 7/9
  7148 | D:8      | Reached skill level 5 in Shields
  7151 | D:8      | Reached ***** piety under Trog
  7221 | D:8      | Found a blossoming altar of Fedhas.
  7326 | D:8      | Noticed a two-headed ogre
  7332 | D:8      | Killed a two-headed ogre
  8057 | D:9      | Found an opulent altar of Gozag.
  8507 | D:9      | Reached XP level 11. HP: 94/94 MP: 8/10
  8618 | D:9      | Noticed a two-headed hydra
  8627 | D:9      | Killed a two-headed hydra
  8660 | D:9      | Received a gift from Trog
  9357 | D:8      | Identified a scroll of acquirement
  9377 | D:8      | Killed a necromancer
  9381 | D:8      | Killed a six-headed hydra
  9527 | D:10     | Entered Level 10 of the Dungeon
 10426 | D:10     | Noticed a death yak
 10428 | D:10     | Noticed a death yak
 10429 | D:10     | Found a staircase to the Lair.
 10429 | D:10     | Noticed a death yak
 10429 | D:10     | Noticed a death yak
 10430 | D:10     | Noticed a death yak
 10446 | D:10     | Noticed a death yak
 10446 | D:10     | Noticed a death yak
 10447 | D:10     | Noticed a death yak
 10478 | D:9      | Killed a death yak
 10596 | D:9      | Killed a death yak
 10601 | D:9      | Killed a death yak
 10604 | D:9      | Killed a death yak
 10699 | D:9      | Killed a death yak
 10719 | D:9      | Killed a death yak
 10719 | D:9      | Reached skill level 10 in Fighting
 10719 | D:9      | Reached XP level 12. HP: 95/106 MP: 7/11
 10723 | D:9      | Killed a death yak
 10727 | D:9      | Killed a death yak
 10933 | D:10     | Noticed a two-headed ogre
 10940 | D:10     | Killed a two-headed ogre
 11054 | D:10     | Reached skill level 10 in Armour
 11211 | D:10     | Reached skill level 10 in Shields
 11463 | D:11     | Noticed a two-headed ogre
 11467 | D:11     | Killed a two-headed ogre
 11569 | D:11     | Noticed a two-headed ogre
 11588 | D:11     | Killed a two-headed ogre
 11653 | D:11     | Received a gift from Trog
 11655 | D:11     | Reached ****** piety under Trog
 11721 | D:11     | Found a staircase to the Orcish Mines.
 11729 | D:11     | Reached skill level 10 in Dodging
 11967 | D:11     | Noticed a five-headed hydra
 11979 | D:11     | Killed a five-headed hydra
 12468 | Orc:1    | Entered Level 1 of the Orcish Mines
 12468 | Orc:1    | Noticed Erica
 12932 | Orc:1    | Killed Erica
 13248 | Orc:2    | Entered Level 2 of the Orcish Mines
 13248 | Orc:2    | Found a staircase to the Elven Halls.
 13603 | Orc:2    | Found Untetug's Magic Scroll Shoppe.
 13830 | Orc:2    | Bought a scroll of remove curse for 39 gold pieces
 13830 | Orc:2    | Bought a scroll of identify for 26 gold pieces
 14025 | Orc:2    | Found a roughly hewn altar of Beogh.
 14058 | Orc:2    | Found a roughly hewn altar of Beogh.
 14149 | Orc:2    | Found a roughly hewn altar of Beogh.
 14158 | Orc:2    | Received a gift from Trog
 14275 | Orc:2    | Found a roughly hewn altar of Beogh.
 14378 | Orc:2    | Reached XP level 13. HP: 108/116 MP: 10/12
 14433 | Orc:2    | Found a roughly hewn altar of Beogh.
 14435 | Orc:2    | Found Fufesy's Armour Shoppe.
 14588 | Orc:2    | Noticed an ettin
 14603 | Orc:2    | Killed an ettin
 14917 | Orc:2    | Noticed Azrael
 14926 | Orc:2    | Killed Azrael
 15041 | Orc:2    | Received a gift from Trog
 15179 | Orc:2    | Found Etue's Book Boutique.
 15221 | Orc:2    | Found a roughly hewn altar of Beogh.
 15616 | Orc:2    | Noticed an orc warlord
 15937 | Orc:2    | Reached skill level 1 in Stealth
 16248 | Orc:2    | Killed an orc warlord
 16248 | Orc:2    | Reached skill level 1 in Evocations
 16425 | Orc:2    | Found Gehuon's Antique Weapon Shoppe.
 16431 | Orc:2    | Found a roughly hewn altar of Beogh.
 16431 | Orc:2    | Found Xiuroili's Antique Armour Emporium.
 16567 | Orc:2    | Received a gift from Trog
 17085 | Orc:2    | Bought a +0 pair of gloves for 58 gold pieces
 17190 | Orc:1    | Noticed an orc warlord
 17367 | D:11     | Killed an orc warlord
 17976 | D:12     | Received a gift from Trog
 18562 | D:12     | Noticed Erolcha
 18568 | D:12     | Killed Erolcha
 18734 | D:12     | Noticed Psyche
 18740 | D:12     | Killed Psyche
 19137 | D:13     | Reached XP level 14. HP: 127/127 MP: 5/15
 19176 | D:13     | Found a gate to the Vaults.
 19189 | D:13     | Received a gift from Trog
 19434 | D:13     | Found a glowing golden altar of the Shining One.
 19434 | D:13     | Found a runed door.
 19434 | D:13     | Noticed an angel
 19559 | D:13     | Found a frozen archway.
 19566 | IceCv    | Entered an ice cave
 20331 | IceCv    | Found an ancient bone altar of Kikubaaqudgha.
 20901 | IceCv    | Received a gift from Trog
 20904 | IceCv    | Got a bloodstained morningstar {god gift}
 21959 | Lair:1   | Entered Level 1 of the Lair of Beasts
 21959 | Lair:1   | Found a labyrinth entrance.
 21984 | Lab      | Entered a labyrinth
 23720 | Lair:1   | Identified the +4 morningstar "Gatruo" {crush, rPois Str+3} (Trog gifted it to you in an ice cave)
 23940 | Lair:2   | Found a staircase to the Shoals.
 24111 | Lair:2   | Noticed Sonja
 24122 | Lair:2   | Killed Sonja
 24124 | Lair:2   | Reached skill level 5 in Evocations
 24418 | Lair:2   | Got a shimmering scale mail
 24429 | Lair:2   | Identified the cursed +1 scale mail "Pysimari" {rElec Str+6 Int-5 Slay-5} (You found it on level 2 of the Lair of Beasts)
 24429 | Lair:2   | Lost intelligence.
 24463 | Lair:2   | Noticed Fannar
 24475 | Lair:2   | Killed Fannar
 24475 | Lair:2   | Received a gift from Trog
 24935 | Lair:3   | Reached skill level 5 in Stealth
 25059 | Lair:3   | Noticed Urug
 25072 | Lair:3   | Killed Urug
 25251 | Lair:3   | Noticed Harold
 25258 | Lair:3   | Killed Harold
 25355 | Lair:3   | Got an ichor-stained hand axe
 25356 | Lair:3   | Identified the +9 hand axe "Epeol" {chop, +Fly Dex+4} (You found it on level 3 of the Lair of Beasts)
 25366 | Lair:3   | Noticed Snorg
 25380 | Lair:3   | Killed Snorg
 25502 | Lair:3   | Found a hole to the Spider Nest.
 25838 | Lair:3   | Reached skill level 5 in Axes
 26483 | Lair:4   | Reached XP level 15. HP: 135/136 MP: 18/18
 27019 | Lair:4   | Reached skill level 10 in Axes
 27074 | Lair:4   | Received a gift from Trog
 27849 | Lair:6   | Entered Level 6 of the Lair of Beasts
 29006 | Spider:1 | Entered Level 1 of the Spider Nest
 29155 | Spider:1 | Received a gift from Trog
 29949 | Spider:2 | Received a gift from Trog
 30680 | Spider:2 | Received a gift from Trog
 31090 | Spider:2 | Noticed Arachne
 31109 | Spider:2 | Killed Arachne
 31109 | Spider:2 | Reached XP level 16. HP: 147/147 MP: 16/19
 31881 | Spider:3 | Received a gift from Trog
 33063 | Spider:4 | Entered Level 4 of the Spider Nest
 33463 | Spider:4 | Reached skill level 15 in Fighting
 33681 | Spider:3 | Reached skill level 15 in Shields
 34094 | Spider:3 | Reached skill level 15 in Armour
 34336 | Spider:4 | Received a gift from Trog
 34676 | Spider:4 | HP: 3/149 [spark wasp (16)]
 34679 | Spider:4 | Mangled by a spark wasp

Skill      XL: |  1  2  3  4  5  6  7  8  9 10 11 12 13 14 15 16 |
---------------+-------------------------------------------------+-----
Maces & Flails | 4 5 6 8 9 11 13 14 | 14.0
Shields        | 1 4 7 9 11 12 13 14 15 | 15.2
Fighting       | 6 7 10 11 12 13 14 15 | 15.5
Armour         | 5 7 9 11 12 13 14 15 | 15.2
Dodging        | 5 7 9 10 11 12 13 14 | 14.0
Stealth        | 3 5 |  5.1
Evocations     | 3 5 |  5.5
Axes           | 5 14 | 14.7

Action                   |  1- 3 |  4- 6 |  7- 9 | 10-12 | 13-15 | 16-18 || total
-------------------------+-------+-------+-------+-------+-------+-------++-------
Melee: Mace              |   101 |    70 |       |       |  1019 |       ||  1190
       Headbutt          |    11 |    18 |    43 |   192 |   480 |   129 ||   873
       Whip              |       |    56 |   266 |   829 |   374 |   497 ||  2022
       Unarmed           |       |       |       |       |     1 |       ||     1
       Hand axe          |       |       |       |       |   372 |       ||   372
       Morningstar       |       |       |       |       |    50 |       ||    50
Invok: Berserk           |       |     2 |     4 |    15 |    34 |     5 ||    60
       Burn Spellbooks   |       |       |     1 |     3 |     8 |     1 ||    13
       Trog's Hand       |       |       |       |     2 |     4 |     1 ||     7
       Brothers in Arms  |       |       |       |       |     4 |     2 ||     6
Evoke: Wand              |       |       |       |     1 |     3 |       ||     4
  Use: Scroll            |       |     3 |       |    14 |    19 |     5 ||    41
       Potion            |       |       |       |       |    14 |     3 ||    17
 Stab: Distracted        |       |       |       |       |     1 |       ||     1
       Held in net/web   |       |       |       |       |     1 |       ||     1
  Eat: Chunk             |     1 |     5 |    14 |    27 |    47 |     7 ||   101
       Meat ration       |       |     1 |       |     1 |     1 |     1 ||     4
       Bread ration      |       |       |       |     2 |     8 |     1 ||    11
       Fruit             |       |       |       |       |     3 |       ||     3
       Royal jelly       |       |       |       |       |     1 |       ||     1
Armor: Leather armour    |    13 |       |       |       |       |       ||    13
       Scale mail        |    13 |    31 |    17 |       |       |       ||    61
       Ring mail         |     6 |       |       |       |       |       ||     6
       Chain mail        |       |       |    38 |    50 |       |       ||    88
       Plate armour      |       |       |       |   120 |   457 |   207 ||   784
       Skin              |       |       |       |       |       |    77 ||    77
Dodge: Dodged            |    41 |    19 |    23 |   109 |   373 |   125 ||   690
Block: Large shield      |    58 |    72 |   117 |   622 |  1764 |   618 ||  3251
